 Dungeon Crawl Stone Soup version 0.25-a0-42-g6c54e25894 (webtiles) character file.

10279 GrandHerb the Fighter (level 11, -4/86 HPs)
             Began as a Demonspawn Gladiator on Sept 21, 2015.
             Was an Elder of Makhleb.
             Hit by a silver javelin thrown by a minotaur (6 damage)
             ... in a Gauntlet on Oct 22, 2019.
             The game lasted 01:30:30 (11100 turns).

GrandHerb the Fighter (Demonspawn Gladiator)       Turns: 11100, Time: 01:30:31

Health: -4/86      AC: 12    Str: 17    XL:     11   Next: 34%
Magic:  14/14      EV: 19    Int:  9    God:    Makhleb [****..]
Gold:   394        SH:  0    Dex: 22    Spells: 10/10 levels left

rFire    . . .     SeeInvis .   w - +4 trident (vamp)
rCold    . . .     Gourm    .   (no shield)
rNeg     . . .     Faith    .   z - +0 steam dragon scales
rPois    .         Spirit   .   (helmet unavailable)
rElec    .         Reflect  .   (no cloak)
rCorr    .         Harm     .   (no gloves)
MR       .....     NoTele   +   h - +2 pair of boots
Stlth    +++.......             (no amulet)
HPRegen  0.24/turn              g - ring of stealth
MPRegen  0.14/turn              s - +6 ring of dexterity

@: no status effects
A: horns 3, thin metallic scales 2, powered by death 1
a: Minor Destruction, Lesser Servant of Makhleb, Major Destruction, Renounce
Religion


You were in a Gauntlet.
You worshipped Makhleb.
Makhleb was greatly pleased with you.
You were not hungry.

You visited 4 branches of the dungeon, and saw 13 of its levels.
You also visited: Gauntlet.

You collected 668 gold pieces.
You spent 274 gold pieces at shops.

Inventory:

Hand Weapons
 w - a +4 vampiric trident (weapon)
 y - a +4 antimagic trident
Missiles
 o - 53 poisoned darts (quivered)
Armour
 c - a +0 helmet
 h - a +2 pair of boots (worn)
 z - +0 steam dragon scales (worn)
 A - a +0 leather armour of fire resistance
Jewellery
 g - a ring of stealth (left hand)
 i - a +2 ring of strength
 q - a cursed -3 ring of intelligence
 s - a +6 ring of dexterity (right hand)
 B - an uncursed ring of wizardry
 H - an uncursed ring of resist corrosion {unknown}
 M - the ring of Yrghi {-Tele +Inv MP+9 SInv, unknown}
   (You found it in a Gauntlet)

   [ring of magical power]

   It affects your magic capacity (+9).
   It lets you see invisible.
   It lets you turn invisible.
   It prevents most forms of teleportation.
Wands
 a - a wand of polymorph (6)
 b - a wand of digging (7)
 n - a wand of random effects (21)
 v - a wand of disintegration (12)
 E - a wand of iceblast (6)
 F - a wand of flame (9)
Scrolls
 f - 3 scrolls of fear
 j - 2 scrolls of enchant armour {unknown}
 l - 3 scrolls of random uselessness
 p - 2 scrolls of magic mapping {unknown}
 r - 3 scrolls of remove curse {unknown}
 t - 2 scrolls of teleportation
 u - 2 scrolls of amnesia {unknown}
 D - a scroll of torment {unknown}
 I - 2 scrolls of identify
 K - a scroll of fog {unknown}
Potions
 d - a potion of heal wounds
 k - 4 potions of flight
 m - a potion of curing
 x - 2 potions of agility {unknown}
 C - a potion of invisibility {unknown}
 G - a potion of mutation {unknown}
Comestibles
 e - 17 rations


   Skills:
 + Level 8.1 Fighting
 + Level 7.8 Polearms
 + Level 7.5 Throwing
 + Level 7.2 Armour
 + Level 7.7 Dodging
 + Level 4.4 Invocations


You had 10 spell levels left.
You didn't know any spells.
Your spell library was empty.

Dungeon Overview and Level Annotations

Branches:
Dungeon (10/15)            Temple (1/1) D:4            Lair (1/8) D:9
    Orc (1/4) D:9         Gauntlet (1/1)

Altars:
Ashenzari
Cheibriados
Dithmenos
Elyvilon
Fedhas
Gozag
Kikubaaqudgha
Makhleb
Nemelex Xobeh
Okawaru
Qazlal
Ru
Sif Muna
Trog
Vehumet
Xom
Yredelemnul
Zin
The Shining One

Shops:
D:6 *   D:9 [(

Annotations:
Gauntlet 12 transporters


Innate Abilities, Weirdness & Mutations

You have a pair of large horns on your head.
You are mostly covered in thin metallic scales. (AC +3)
You regenerate a little health from kills.


Message History

The silver sears you!
Throwing (i - inventory)
o - 54 poisoned darts (quivered)
Press: ? - help, Shift-Dir - straight line, f/p - minotaur
Aim: a minotaur, wielding a +1 demon trident of flaming and wearing +1 acid dragon scales (lightly wounded, poisoned)
You throw a poisoned dart.
The poisoned dart completely misses the minotaur.
The minotaur throws a silver javelin.
The silver javelin pierces through you!!
* * * LOW HITPOINT WARNING * * *
The silver sears you!
* * * LOW HITPOINT WARNING * * *
You close the door.
You start resting.
A minotaur opens the door.
It is wielding a +1 demon trident of flaming.
The minotaur throws a silver javelin.
The silver javelin pierces through you!
* * * LOW HITPOINT WARNING * * *
The silver sears you!
* * * LOW HITPOINT WARNING * * *
The minotaur throws a silver javelin.
The silver javelin pierces through you.
You die...

#8(8# ####:(/#### ###8.#8.8#.8###
#....#...#....# #.#..#8H8#..#.#
#.#..##'##..#.# #......(......#
#.#.##.#.##.#.# #.#..@.#....#.#
###.#.#######.#.###
#≈...............≈# # ###
####8..©.©.©.©.©.©..8#### # # #8#
#8##≈...............≈##8# #
#################################
.................≈∩≈.............
.................................
######.###########.###########.##


You could see a minotaur.

Vanquished Creatures
  A hydra (Lair:1)
  3 two-headed ogres
  A soul eater (Gauntlet)
  The ghost of TheWoodenMan the Spear-Bearer, a novice MfFi of Okawaru (Lair:1)
  A necromancer (Gauntlet)
  A black mamba (Lair:1)
  A hippogriff (D:7)
  5 yaks (Lair:1)
  Eustachio (D:5)
  A hungry ghost (D:8)
  A steam dragon (D:8)
  2 water moccasins (Lair:1)
  A porcupine (Lair:1)
  Duvessa (D:4)
  2 ice beasts
  A sky beast (D:6)
  3 orc warriors
  2 necrophages
  2 ogres
  A phantom (D:4)
  4 wolves (Gauntlet)
  2 centaurs (D:9)
  A crocodile (Lair:1)
  3 big kobolds
  A bullfrog (D:8)
  Dowan (D:4)
  A wyvern skeleton (D:8)
  12 wights
  2 howler monkeys
  8 crimson imps
  A centaur zombie (D:8)
  2 bullfrog zombies (D:8)
  A quasit (D:9)
  3 orc priests
  3 jellies
  4 hounds
  2 bullfrog skeletons
  3 centaur skeletons
  Terence (D:3)
  5 iguanas
  9 orc wizards
  3 worker ants
  A killer bee zombie (D:8)
  A hound zombie (D:8)
  2 hound skeletons (D:4)
  Robin (D:3)
  9 adders
  4 gnolls (D:8)
  3 shadow imps
  3 adder zombies
  2 adder skeletons
  2 worms
  32 orcs
  3 giant cockroaches
  14 goblins
  8 hobgoblins
  6 jackals
  19 kobolds
  3 quokkas
  2 bats (D:3)
  6 frilled lizards
  2 goblin skeletons (D:9)
  2 goblin zombies (D:9)
  3 hobgoblin zombies (D:9)
  A jackal zombie (D:6)
  A kobold skeleton (D:9)
  A kobold zombie (D:9)
  5 leopard geckos
  A leopard gecko zombie (D:8)
  2 orc skeletons (D:9)
  2 orc zombies (D:9)
  5 rats
250 creatures vanquished.

Vanquished Creatures (others)
  A kobold (D:6)
  4 fungi (Gauntlet)
  13 plants (Gauntlet)
  5 withered plants
23 creatures vanquished.

Grand Total: 273 creatures vanquished

Notes
Turn   | Place    | Note
-------+----------+-------------------------------------------
     0 | D:1      | GrandHerb the Demonspawn Gladiator began the quest for the
                  | Orb.
     0 | D:1      | Reached XP level 1. HP: 16/16 MP: 1/1
   484 | D:1      | Gained mutation: You are partially covered in thin metallic
                  | scales. (AC +2) [demonic ancestry]
   484 | D:1      | Reached XP level 2. HP: 15/22 MP: 2/2
  1491 | D:2      | Reached XP level 3. HP: 28/28 MP: 3/3
  1675 | D:2      | Reached skill level 1 in Armour
  2169 | D:3      | Noticed Terence
  2180 | D:3      | Killed Terence
  2180 | D:3      | Gained mutation: You are mostly covered in thin metallic
                  | scales. (AC +3) [demonic ancestry]
  2180 | D:3      | Reached XP level 4. HP: 32/34 MP: 4/4
  2467 | D:3      | Noticed a necrophage
  2486 | D:3      | Killed a necrophage
  2486 | D:3      | Reached skill level 3 in Fighting
  2486 | D:3      | Gained mutation: You have a pair of small horns on your
                  | head. [demonic ancestry]
  2486 | D:3      | Reached XP level 5. HP: 37/41 MP: 5/5
  2607 | D:3      | Noticed Robin
  2629 | D:3      | Killed Robin
  2885 | D:4      | Noticed a phantom
  2923 | D:4      | Noticed Duvessa
  2923 | D:4      | Noticed Dowan
  3350 | D:4      | Gained mutation: You have a pair of horns on your head.
                  | [demonic ancestry]
  3350 | D:4      | Reached XP level 6. HP: 29/47 MP: 6/6
  3550 | D:4      | Found a shimmering altar of Xom.
  4129 | D:4      | Reached XP level 7. HP: 44/53 MP: 7/7
  4246 | D:4      | Killed Duvessa
  4246 | D:4      | Reached skill level 4 in Fighting
  4253 | D:4      | Killed Dowan
  4489 | D:4      | Found a staircase to the Ecumenical Temple.
  4496 | Temple   | Entered the Ecumenical Temple
  4621 | Temple   | Became a worshipper of Makhleb the Destroyer
  4689 | D:5      | Entered Level 5 of the Dungeon
  5060 | D:5      | Gained mutation: You have a pair of large horns on your
                  | head. [demonic ancestry]
  5060 | D:5      | Reached XP level 8. HP: 52/61 MP: 8/8
  5068 | D:5      | Noticed an angel
  5069 | D:5      | Found a glowing silver altar of Zin.
  5170 | D:5      | Noticed Eustachio
  5182 | D:5      | Killed Eustachio
  5453 | D:6      | Found Bigoq's General Store.
  5467 | D:6      | Bought a scroll of enchant weapon for 112 gold pieces
  5467 | D:6      | Bought a scroll of identify for 30 gold pieces
  5467 | D:6      | Bought a scroll of identify for 30 gold pieces
  5467 | D:6      | Bought a scroll of identify for 30 gold pieces
  5467 | D:6      | Bought 12 poisoned darts for 72 gold pieces
  5798 | D:6      | Reached skill level 5 in Fighting
  5798 | D:6      | Reached skill level 5 in Polearms
  5798 | D:6      | Reached skill level 5 in Dodging
  6025 | D:7      | Reached * piety under Makhleb
  6597 | D:8      | Noticed a two-headed ogre
  6600 | D:8      | Noticed a two-headed ogre
  6829 | D:7      | Killed a two-headed ogre
  6829 | D:7      | Reached skill level 5 in Throwing
  6829 | D:7      | Reached XP level 9. HP: 39/69 MP: 9/9
  7001 | D:7      | Killed a two-headed ogre
  7001 | D:7      | Reached skill level 6 in Fighting
  7001 | D:7      | Reached skill level 5 in Armour
  7744 | D:7      | Reached ** piety under Makhleb
  7767 | D:8      | Reached XP level 10. HP: 65/77 MP: 10/10
  7934 | D:8      | Noticed a two-headed ogre
  7950 | D:8      | Killed a two-headed ogre
  7950 | D:8      | Reached skill level 7 in Fighting
  8513 | D:9      | Reached *** piety under Makhleb
  8516 | D:9      | Found a glowing golden altar of the Shining One.
  8572 | D:9      | Found Fikutr Rabb's Armour Boutique.
  8573 | D:9      | Found a staircase to the Orcish Mines.
  8577 | D:9      | Found Jecyjub's Weapon Boutique.
  8624 | D:9      | Reached skill level 1 in Invocations
  8664 | D:9      | Paralysed by a hornet for 2 turns
  9251 | D:9      | Found an iron altar of Okawaru.
  9253 | D:9      | Found a glowing golden altar of the Shining One.
  9272 | D:9      | Found an opulent altar of Gozag.
  9272 | D:9      | Found a radiant altar of Vehumet.
  9274 | D:9      | Found a sacrificial altar of Ru.
  9293 | D:10     | Entered Level 10 of the Dungeon
  9342 | D:9      | Found a staircase to the Lair.
  9616 | Orc:1    | Entered Level 1 of the Orcish Mines
  9616 | Orc:1    | Noticed a cyclops
  9813 | Lair:1   | Entered Level 1 of the Lair of Beasts
  9824 | Lair:1   | Found a runed translucent door.
  9824 | Lair:1   | Noticed TheWoodenMan's ghost (novice MfFi)
  9866 | Lair:1   | Killed TheWoodenMan's ghost
  9958 | Lair:1   | Noticed a black mamba
  9970 | Lair:1   | Killed a black mamba
 10005 | Lair:1   | Noticed a four-headed hydra
 10091 | Lair:1   | Noticed a seven-headed hydra
 10130 | Lair:1   | Reached **** piety under Makhleb
 10134 | Lair:1   | Gained mutation: You regenerate a little health from kills.
                  | [demonic ancestry]
 10134 | Lair:1   | Reached XP level 11. HP: 79/86 MP: 13/13
 10180 | Lair:1   | Killed a seven-headed hydra
 10217 | Lair:1   | Found a gate leading to a gauntlet.
 10240 | Gauntlet | Entered a Gauntlet
 10240 | Gauntlet | Found a transporter.
 10252 | Gauntlet | Noticed a necromancer
 10253 | Gauntlet | Found a transporter.
 10268 | Gauntlet | Found a transporter.
 10274 | Gauntlet | Found a transporter.
 10294 | Gauntlet | Found a transporter.
 10296 | Gauntlet | Noticed a catoblepas
 10308 | Gauntlet | Found a transporter.
 10311 | Gauntlet | Noticed a death scarab
 10312 | Gauntlet | Noticed a death scarab
 10320 | Gauntlet | Found a transporter.
 10332 | Gauntlet | Found a transporter.
 10342 | Gauntlet | Noticed a wizard
 10342 | Gauntlet | Noticed a wizard
 10349 | Gauntlet | Found a transporter.
 10358 | Gauntlet | Found a transporter.
 10361 | Gauntlet | Noticed a death yak
 10362 | Gauntlet | Noticed a death yak
 10362 | Gauntlet | Noticed a death yak
 10375 | Gauntlet | Found a transporter.
 10392 | Gauntlet | Found a transporter.
 10394 | Gauntlet | Found a transporter.
 10395 | Gauntlet | Noticed a queen ant
 10424 | Gauntlet | Noticed a soul eater
 10424 | Gauntlet | Found a transporter.
 10434 | Gauntlet | Found a transporter.
 10434 | Gauntlet | Found a transporter.
 10457 | Gauntlet | Killed a soul eater
 10457 | Gauntlet | Reached skill level 8 in Fighting
 10459 | Gauntlet | Found a transporter.
 10466 | Gauntlet | Found a transporter.
 10693 | Gauntlet | Killed a necromancer
 10811 | Gauntlet | Got a glittering turquoise ring
 11080 | Gauntlet | Noticed a minotaur
 11081 | Gauntlet | Found the +3 salamander hide armour {+Rage rF++}
 11099 | Gauntlet | HP: 3/86 [minotaur/silver javelin (8)]
 11099 | Gauntlet | HP: 1/86 [minotaur/silver javelin (2)]
 11100 | Gauntlet | Hit by a silver javelin thrown by a minotaur

Levels and vault maps discovered:
D:1:      lightli_arrival_statue_moat
D:2:      layout_loops_corners
D:3:      layout_basic, uniq_robin, uniq_terence
D:4:      layout_basic, led_xom_imps, minmay_temple_entry_proselytizer,
          first_ration, uniq_duvessa
D:5:      layout_loops_ring, zin_angel, uniq_eustachio
D:6:      layout_gridville, serial_shops, nicolae_shop_window_shopping
D:7:      layout_cave_pools
D:8:      layout_cave_pools, serial_undead, serial_undead_a, serial_undead_e,
          serial_undead_e, serial_undead_c
D:9:      layout_cave_pods, nicolae_overflow_hidden_temple, lair_entry_dummy,
          orc_david_3, grunt_pizzeria, nicolae_tso_besieged_by_evil
D:10:     layout_loops_corners
Temple:   circular_temple_12
Lair:1:   layout_regular_city, gauntlet_entry_generic,
          hellmonk_ghost_happy_afterlife, grunt_megastairs_4
Orc:1:    layout_caves, uniq_fannar
Gauntlet: gammafunk_gauntlet_one_two_three [gammafunk_gauntlet_arena_corners,
          gammafunk_gauntlet_arena_mazey, nicolae_gauntlet_arena_grate_2,
          gammafunk_gauntlet_arena_chambers, gammafunk_gauntlet_arena_split_x,
          gammafunk_gauntlet_arena_hedges, nicolae_gauntlet_arena_flowing_pool,
          gammafunk_gauntlet_arena_spirals, gammafunk_gauntlet_arena_teeth,
          nicolae_gauntlet_exit_dead_adventurers]

Skill      XL: |  1  2  3  4  5  6  7  8  9 10 11 |
---------------+----------------------------------+-----
Throwing       | 2 3 4 5 6 7 |  7.5
Dodging        | 3 4 5 6 7 |  7.7
Polearms       | 3 4 5 6 7 |  7.8
Armour         | 1 2 3 4 5 6 7 |  7.2
Fighting       | 3 4 5 6 7 8 |  8.1
Invocations    | 3 4 |  4.4

Action                   |  1- 3 |  4- 6 |  7- 9 | 10-12 || total
-------------------------+-------+-------+-------+-------++-------
Melee: Trident           |   133 |   227 |   266 |   381 ||  1007
       Headbutt          |       |    35 |    77 |   106 ||   218
       Short sword       |       |       |    48 |       ||    48
Throw: Throwing net      |     7 |       |       |       ||     7
       Dart              |     1 |     2 |    15 |    24 ||    42
Evoke: Wand              |       |       |       |     5 ||     5
  Use: Scroll            |     3 |     3 |     9 |     4 ||    19
       Potion            |       |     2 |     3 |     2 ||     7
 Stab: Held in net/web   |     1 |       |       |       ||     1
       Sleeping          |     1 |     2 |     4 |     5 ||    12
       Distracted        |       |       |       |     1 ||     1
  Eat: Chunk             |     4 |     5 |     7 |     9 ||    25
       Ration            |       |     1 |     1 |     1 ||     3
Armor: Ring mail         |    38 |    90 |   110 |     4 ||   242
       Steam dragon scal |       |       |       |    92 ||    92
Dodge: Dodged            |    71 |   158 |   249 |   349 ||   827

Table legend:
 A = Non-vault XP
 B = Vault XP
 C = Vault XP percentage of total XP
 D = Non-vault monster count
 E = Vault monster count
 F = Vault count percentage of total count
                 A         B        C        D         E       F
            +---------+---------+-------+---------+---------+-------
      Total |   10568 |    4100 |  28.0 |     183 |      56 |  23.4
            +---------+---------+-------+---------+---------+-------
        D:2 |      57 |       0 |   0.0 |      18 |       0 |   0.0
        D:3 |     158 |      70 |  30.7 |      16 |      11 |  40.7
        D:4 |     432 |     462 |  51.7 |      22 |       7 |  24.1
        D:5 |     324 |     203 |  38.5 |      16 |       1 |   5.9
        D:6 |     624 |       0 |   0.0 |      16 |       0 |   0.0
        D:7 |    2694 |       0 |   0.0 |      19 |       0 |   0.0
        D:8 |    2208 |     405 |  15.5 |      36 |       9 |  20.0
        D:9 |    1049 |     338 |  24.4 |      29 |      19 |  39.6
     Lair:1 |    3022 |     781 |  20.5 |      11 |       1 |   8.3
   Gauntlet |       0 |    1841 | 100.0 |       0 |       8 | 100.0
            +---------+---------+-------+---------+---------+-------
